 Dungeon Crawl Stone Soup version 0.23-a0-677-g07611c5 (webtiles) character file.

33891 Lanoc the Carver (level 13, -3/166 HPs)
             Began as a Demonspawn Berserker on Jan 9, 2019.
             Was the Champion of Trog.
             Slain by a white ugly thing (17 damage)
             ... on level 1 of the Elven Halls.
             The game lasted 00:50:02 (13618 turns).

Lanoc the Carver (Demonspawn Berserker)            Turns: 13618, Time: 00:50:03

Health: -3/166     AC: 17    Str: 34    XL:     13   Next: 39%
Magic:  13/13      EV: 20    Int: 10    God:    Trog [******]
Gold:   1766       SH:  0    Dex: 20    Spells: 12/12 levels left

rFire    + + .     SeeInvis .   a - +6 scimitar of Etaxuol {freeze, rF++ Dex+7 Stlth-}
rCold    . . .     Gourm    .   (no shield)
rNeg     + . .     Faith    .   t - +3 leather armour of the Snake Pit {Regen+ Str+6}
rPois    .         Spirit   .   w - +2 hat {MR+}
rElec    .         Reflect  .   l - +0 cloak
rCorr    .         Harm     .   (no gloves)
MR       +....                  E - +1 pair of boots
Stlth    ..........             (no amulet)
HPRegen  6.77/turn              n - ring of positive energy
MPRegen  0.13/turn              g - ring of Egalitarianism {AC+2 Str+2}

@: berserking (expiring), very quick
A: horns 2, rugged brown scales 2, nightstalker 2, powered by death 3
a: Berserk, Trog's Hand, Brothers in Arms, Renounce Religion


You were on level 1 of the Elven Halls.
You worshipped Trog.
Trog was exalted by your worship.
You were very hungry.

You visited 4 branches of the dungeon, and saw 17 of its levels.
You also visited: Sewer and Bailey.

You collected 1766 gold pieces.

Inventory:

Hand Weapons
 a - the +6 scimitar of Etaxuol (weapon) {freeze, rF++ Dex+7 Stlth-}
   (Trog gifted it to you in a bailey)

   It has been specially enchanted to freeze those struck by it, causing extra
   injury to most foes and up to half again as much damage against particularly
   susceptible opponents.
   It can also slow down cold-blooded creatures.
   It affects your dexterity (+7).
   It greatly protects you from fire.
   It makes you less stealthy.
 F - a +5 antimagic great sword
Armour
 l - a +0 cloak (worn)
 t - the +3 leather armour of the Snake Pit (worn) {Regen+ Str+6}
   (You found it on level 7 of the Dungeon)

   It affects your strength (+6).
   It increases your rate of regeneration.
 w - a +2 hat of magic resistance (worn)
 E - a +1 pair of boots (worn)
Jewellery
 g - the ring of Egalitarianism (right hand) {AC+2 Str+2}
   (You acquired it on level 2 of the Orcish Mines)

   [ring of protection]

   It affects your AC (+2).
   It affects your strength (+2).
 n - a ring of positive energy (left hand)
 o - the amulet "Holue" {*Slow +Rage rN+ Str+6}
   (You found it on level 5 of the Dungeon)

   [amulet of rage]

   It affects your strength (+6).
   It protects you from negative energy.
   It lets you go berserk.
   It may slow you when you take damage.
Wands
 k - a wand of paralysis (18)
 m - a wand of iceblast (8)
 s - a wand of acid (6)
 u - a wand of enslavement (17)
 B - a wand of flame (22)
 G - a wand of polymorph (3)
Scrolls
 f - 3 scrolls of fear
 h - 6 scrolls of teleportation
 i - 6 scrolls of remove curse
 p - a scroll of immolation
 q - 5 scrolls of fog
 r - 5 scrolls of magic mapping
 y - 3 scrolls of enchant armour
 D - a scroll of enchant weapon
Potions
 b - 2 potions of heal wounds
 e - a potion of mutation
 j - 9 potions of curing
 v - 2 potions of lignification
 z - 2 potions of brilliance
 A - 2 potions of flight
 H - 2 potions of agility
Comestibles
 c - 22 rations
 d - 5 chunks of flesh


   Skills:
 + Level 11.3 Fighting
 * Level 12.5 Long Blades
 + Level 10.2 Armour
 + Level 10.3 Dodging


You had 12 spell levels left.
You didn't know any spells.
Your spell library was empty.

Dungeon Overview and Level Annotations

Branches:
Dungeon (13/15)            Temple (1/1) D:7            Lair (0/6) D:9
    Orc (2/2) D:12            Elf (1/3) Orc:2
 Vaults: D:13-14

Altars:
Ashenzari
Cheibriados
Dithmenos
Elyvilon
Fedhas
Gozag
Hepliaklqana
Kikubaaqudgha
Makhleb
Nemelex Xobeh
Okawaru
Qazlal
Ru
Sif Muna
Trog
Uskayaw
Vehumet
Wu Jian
Xom
Yredelemnul
Zin
The Shining One
Beogh

Shops:
Orc:2 ((([

Portals:
Ice
Cave: Elf:1


Innate Abilities, Weirdness & Mutations

You have a pair of horns on your head.
You are mostly covered in rugged brown scales. (AC +2, +5% HP)
You are significantly more attuned to the shadows.
You regenerate a lot of health from kills.


Message History

The white ugly thing barely misses you.
You riposte.
You closely miss the white ugly thing.
The white ugly thing is almost dead.
You completely miss the white ugly thing.
The white ugly thing is almost dead.
The white ugly thing tail-slaps you!
* * * LOW HITPOINT WARNING * * *
The white ugly thing freezes you!!
* * * LOW HITPOINT WARNING * * *
The white ugly thing completely misses you.
You barely miss the white ugly thing. You headbutt the white ugly thing.
You kill the white ugly thing!
Trog accepts your kill.
The white ugly thing tail-slaps you but does no damage.
You hit the white ugly thing.
The white ugly thing is heavily wounded.
The white ugly thing pecks you.
* * * LOW HITPOINT WARNING * * *
The white ugly thing freezes you!
You die...

,*,,,,,+,,*,,#..#,,*,,,*,,***+***
,*,,,,,*,,*,,#..#,,+,,,*,,,,,,,,,
,*,,,,,*,,*,,#..#,.#,,,*,,,,,,,,,
,**+****,,#,,+..#..#..,*+********
,,,,,,,,,,#.,#..#..#..,,,,,,,,,,,
,,,,,,,,,,+..#..#.....,,,,,,,,,,,
**+*******#...........,***+*,,*+*
,,,,,,,,,.............,+,,,*,,*,,
,,,,,,,,,......†@†....,*,,,*,,+,,
*****+***#....#†uu#...,*,,,*,,*,,
,,,,,,,,,.............,,,,,*,,*,,
,,,,,,,,,,..#.......#,,,****,,***
,,,,,,,,,,............,,,,,,,,,,,
,,,,,,,,,,,.....∩.....,,,,,,,,,,,
,,,,,,,,,,,,,,,,,,,,,,,,,,,,,,,,,
********+,,,,,,,,,,,*,,,******+**
,,,,,,,,,,,,,,,,,,,,,,,,,,,,,,,,,


You could see 2 ugly things.

Vanquished Creatures
  Gastronok (D:9)
  An orc warlord (Orc:2)
  The ghost of tilp the Frost Mage, a journeyman MfIE of Makhleb (Orc:2)
  A deep elf demonologist (Elf:1)
  A two-headed ogre (Orc:2)
  4 orc high priests (Orc:2)
  A fire crab (shapeshifter) (D:13)
  4 orc knights (Orc:2)
  A deep elf archer (Elf:1)
  8 ugly things
  An orc sorcerer (Orc:2)
  7 deep elf magi (Elf:1)
  A manticore (D:11)
  A kobold demonologist (D:11)
  5 trolls
  7 hippogriffs
  2 shadows (D:12)
  A spriggan (D:7)
  3 wyverns
  6 yaks
  Grum (D:9)
  2 hungry ghosts (D:11)
  2 steam dragons (D:11)
  2 vampire mosquitoes (D:13)
  7 wargs
  4 porcupines (D:9)
  6 sky beasts
  A spectral troll (Orc:2)
  A hornet zombie (D:11)
  2 black bears
  28 orc warriors
  A phantom (D:12)
  2 ice beasts
  A necrophage (D:7)
  An eye of draining (D:13)
  8 ogres
  4 wolves (D:9)
  8 centaurs
  5 big kobolds
  10 bullfrogs
  A gnoll sergeant (D:12)
  3 scorpions
  3 killer bees (D:9)
  3 spectral ogres (Orc:2)
  8 wights
  A centaur zombie (D:7)
  4 crimson imps
  3 howler monkeys (D:12)
  A quasit (D:12)
  18 orc priests
  A centaur skeleton (D:4)
  A gnoll shaman (D:6)
  7 hounds
  A jelly (D:11)
  2 bullfrog skeletons (D:12)
  8 iguanas
  30 orc wizards
  8 worker ants
  A spectral orc (Orc:2)
  2 hound zombies
  A hound skeleton (D:9)
  3 howler monkey zombies
  2 worker ant zombies
  15 gnolls
  17 adders
  2 shadow imps
  2 oozes (D:1)
  An orc simulacrum (Orc:2)
  An adder zombie (D:9)
  2 worms
  3 dart slugs
  6 leopard geckos
  89 orcs
  4 giant cockroaches
  14 goblins
  12 hobgoblins
  19 jackals
  40 kobolds
  3 quokkas
  6 ball pythons
  7 bats (D:1)
  4 frilled lizards
  10 rats
  3 plants (Sewer)
525 creatures vanquished.

Vanquished Creatures (others)
  A big kobold (D:11)
  A bullfrog (D:9)
  27 fungi (D:9)
  5 plants (D:9)
34 creatures vanquished.

Grand Total: 559 creatures vanquished

Notes
Turn   | Place    | Note
-------+----------+-------------------------------------------
     0 | D:1      | Lanoc the Demonspawn Berserker began the quest for the Orb.
     0 | D:1      | Reached XP level 1. HP: 18/18 MP: 1/1
    55 | D:1      | Gained mutation: You are partially covered in rugged brown
                  | scales. (AC +1, +3% HP) [demonic ancestry]
    55 | D:1      | Reached XP level 2. HP: 4/24 MP: 2/2
   807 | D:1      | Gained mutation: You are slightly more attuned to the
                  | shadows. [demonic ancestry]
   807 | D:1      | Reached XP level 3. HP: 28/29 MP: 3/3
  1046 | D:1      | Reached ** piety under Trog
  1498 | D:2      | Gained mutation: You have a pair of small horns on your
                  | head. [demonic ancestry]
  1498 | D:2      | Reached XP level 4. HP: 29/38 MP: 4/4
  1726 | D:2      | You fall through a shaft!
  1785 | D:3      | Reached XP level 5. HP: 39/43 MP: 5/5
  2506 | D:3      | Found an ancient bone altar of Kikubaaqudgha.
  2507 | D:3      | Found a blossoming altar of Fedhas.
  2573 | D:3      | Reached *** piety under Trog
  3427 | D:4      | Reached XP level 6. HP: 17/50 MP: 6/6
  3689 | D:4      | Found a glowing silver altar of Zin.
  3689 | D:4      | Found a white marble altar of Elyvilon.
  3721 | D:4      | Found a glowing golden altar of the Shining One.
  4012 | D:4      | Reached skill level 5 in Fighting
  4287 | D:5      | Entered Level 5 of the Dungeon
  4304 | D:5      | Noticed an ice beast
  4314 | D:4      | Killed an ice beast
  4314 | D:4      | Gained mutation: You regenerate a little health from kills.
                  | [demonic ancestry]
  4314 | D:4      | Reached XP level 7. HP: 51/57 MP: 7/7
  4555 | D:4      | HP: 2/58 [poisoned by a big kobold]
  4915 | D:5      | Found a deep blue altar of Sif Muna.
  4967 | D:5      | Got a sparkling golden amulet
  4984 | D:5      | Identified the amulet "Holue" {*Slow +Rage rN+ Str+6} (You
                  | found it on level 5 of the Dungeon)
  5106 | D:5      | Reached skill level 5 in Armour
  5106 | D:5      | Reached skill level 5 in Dodging
  5126 | D:5      | Reached **** piety under Trog
  5387 | D:5      | Gained mutation: You have a pair of horns on your head.
                  | [demonic ancestry]
  5387 | D:5      | Reached XP level 8. HP: 65/65 MP: 8/8
  5516 | D:6      | Reached skill level 3 in Long Blades
  5627 | D:6      | Found a basalt altar of Yredelemnul.
  5641 | D:6      | Found a glowing drain.
  5685 | Sewer    | Entered a sewer
  6308 | D:6      | Reached skill level 4 in Long Blades
  6321 | D:6      | Found a sparkling altar of Nemelex Xobeh.
  6504 | D:6      | Reached ***** piety under Trog
  6621 | D:7      | Found a staircase to the Ecumenical Temple.
  6644 | Temple   | Entered the Ecumenical Temple
  6918 | D:7      | Got a diamond-encrusted leather armour
  6929 | D:7      | Identified the +3 leather armour of the Snake Pit {Regen+
                  | Str+6} (You found it on level 7 of the Dungeon)
  6990 | D:7      | Found a burning altar of Makhleb.
  6996 | D:7      | Noticed a hippogriff
  7006 | D:7      | Killed a hippogriff
  7118 | D:7      | Reached skill level 5 in Long Blades
  7118 | D:7      | Gained mutation: You are mostly covered in rugged brown
                  | scales. (AC +2, +5% HP) [demonic ancestry]
  7118 | D:7      | Reached XP level 9. HP: 66/74 MP: 9/9
  7471 | D:7      | Reached skill level 6 in Long Blades
  7514 | D:8      | HP: 5/112 [wyvern (16)]
  7993 | D:8      | Found a bloodstained altar of Trog.
  8155 | D:9      | Found a flagged portal.
  8174 | Bailey   | Entered a bailey
  8227 | Bailey   | Received a gift from Trog
  8230 | Bailey   | Got a dazzling scimitar {god gift}
  8232 | Bailey   | Identified the +6 scimitar of Etaxuol {freeze, rF++ Dex+7
                  | Stlth-} (Trog gifted it to you in a bailey)
  8260 | Bailey   | Found an iron altar of Okawaru.
  8262 | Bailey   | Reached skill level 7 in Long Blades
  8262 | Bailey   | Reached XP level 10. HP: 84/84 MP: 10/10
  8440 | D:9      | Noticed Gastronok
  8453 | D:9      | Killed Gastronok
  8453 | D:9      | Reached skill level 8 in Long Blades
  8598 | D:9      | Found a staircase to the Lair.
  8670 | D:9      | Noticed Grum
  8683 | D:9      | Killed Grum
  8683 | D:9      | Gained mutation: You are significantly more attuned to the
                  | shadows. [demonic ancestry]
  8683 | D:9      | Reached XP level 11. HP: 73/91 MP: 11/11
  9007 | D:10     | Entered Level 10 of the Dungeon
  9014 | D:10     | Reached skill level 9 in Long Blades
  9444 | D:10     | Received a gift from Trog
 10059 | D:11     | Got a shimmering glaive
 10060 | D:11     | Identified the +8 glaive of Enuip {chop, +Inv rC+ Int+2}
                  | (You found it on level 11 of the Dungeon)
 10569 | D:12     | Found a hide-covered altar of Uskayaw.
 10661 | D:12     | Noticed a red ugly thing
 10667 | D:12     | Killed a red ugly thing
 10676 | D:12     | Reached skill level 10 in Long Blades
 10710 | D:12     | Found a staircase to the Orcish Mines.
 10720 | D:12     | Found a roughly hewn altar of Beogh.
 10730 | D:12     | Noticed a brown ugly thing
 10736 | D:12     | Killed a brown ugly thing
 11350 | D:13     | Noticed a cyan ugly thing
 11352 | D:13     | Noticed a fire crab
 11352 | D:13     | a troll changed into a fire crab
 11358 | D:13     | Killed a fire crab
 11358 | D:13     | Reached skill level 10 in Fighting
 11369 | D:13     | Killed a cyan ugly thing
 11369 | D:13     | Gained mutation: You regenerate health from kills. [demonic
                  | ancestry]
 11369 | D:13     | Reached XP level 12. HP: 73/101 MP: 12/12
 11500 | D:13     | Noticed an eight-headed hydra
 11738 | D:13     | Found a sparkling altar of Nemelex Xobeh.
 11794 | Orc:1    | Entered Level 1 of the Orcish Mines
 11812 | Orc:1    | Reached ****** piety under Trog
 12101 | Orc:2    | Entered Level 2 of the Orcish Mines
 12101 | Orc:2    | Found a staircase to the Elven Halls.
 12136 | Orc:2    | Identified a scroll of acquirement
 12147 | Orc:2    | Got a shimmering platinum ring
 12149 | Orc:2    | Identified the ring of Egalitarianism {AC+2 Str+2} (You
                  | acquired it on level 2 of the Orcish Mines)
 12196 | Orc:2    | Found a roughly hewn altar of Beogh.
 12201 | Orc:2    | Received a gift from Trog
 12238 | Orc:2    | Found a roughly hewn altar of Beogh.
 12313 | Orc:2    | Found a roughly hewn altar of Beogh.
 12504 | Orc:2    | Found a roughly hewn altar of Beogh.
 12508 | Orc:2    | Noticed a two-headed ogre
 12517 | Orc:2    | Killed a two-headed ogre
 12517 | Orc:2    | Reached skill level 11 in Long Blades
 12529 | Orc:2    | Found a roughly hewn altar of Beogh.
 12619 | Orc:2    | Noticed an orc high priest
 12634 | Orc:2    | Killed an orc high priest
 12676 | Orc:2    | Found a bloodstained altar of Trog.
 12770 | Orc:2    | Found a runed gate.
 12770 | Orc:2    | Found a runed gate.
 12770 | Orc:2    | Found a runed gate.
 12803 | Orc:2    | Noticed tilp's ghost (journeyman MfIE)
 12820 | Orc:2    | Killed tilp's ghost
 13052 | Orc:2    | Noticed an orc high priest
 13053 | Orc:2    | Noticed an orc warlord
 13054 | Orc:2    | Noticed an orc high priest
 13061 | Orc:2    | Killed an orc high priest
 13062 | Orc:2    | Noticed an orc high priest
 13072 | Orc:2    | Killed an orc warlord
 13075 | Orc:2    | Killed an orc high priest
 13088 | Orc:2    | Killed an orc high priest
 13089 | Orc:2    | Found Gauppam's Antique Armour Boutique.
 13089 | Orc:2    | Found Ifimne's Antique Weapon Shop.
 13097 | Orc:2    | Found a roughly hewn altar of Beogh.
 13181 | Orc:2    | Reached skill level 12 in Long Blades
 13181 | Orc:2    | Gained mutation: You regenerate a lot of health from kills.
                  | [demonic ancestry]
 13181 | Orc:2    | Reached XP level 13. HP: 110/110 MP: 13/13
 13203 | Orc:2    | Found a roughly hewn altar of Beogh.
 13213 | Orc:2    | Found Fefupam's Weapon Shop.
 13303 | Orc:2    | Found a roughly hewn altar of Beogh.
 13313 | Orc:2    | Reached skill level 10 in Dodging
 13317 | Orc:2    | Found Immit's Antique Weapon Emporium.
 13437 | Elf:1    | Entered Level 1 of the Elven Halls
 13451 | Elf:1    | Received a gift from Trog
 13454 | Elf:1    | Reached skill level 10 in Armour
 13514 | Elf:1    | Noticed a deep elf demonologist
 13517 | Elf:1    | Noticed a balrug
 13522 | Elf:1    | Killed a deep elf demonologist
 13599 | Elf:1    | Found a frozen archway.
 13618 | Elf:1    | Slain by a white ugly thing

Vault maps used:
D:1:      onia_arrival_pyramid, fountainhead
D:2:      first_ration, kennysheep_decorative_pillar
D:3:      grunt_temple_overflow_growth_and_decay, lightli_corner_chamber
D:4:      lemuel_doored_altar, gammafunk_temple_overflow_statue,
          minmay_a_box_with_orc_wizards_in_it
D:5:      lemuel_coloured_pillars_altar
D:6:      lemuel_round_altar, overflow_temple_1_default,
          cheibrodos_sewer_entry_drain
D:7:      bloody_makhleb, minmay_temple_entry_ruins, the_bakery
D:8:      trog_hazing_becter
D:9:      due_lair_maze_entry_diamond, enter_bailey_3, lemuel_old_faithful,
          uniq_gastronok, uniq_grum
D:12:     minmay_orc_entry_temple_small, basic_altar
D:13:     nemelex_diamond_rough_becter
Temple:   nicolae_temple_figure_eight
Orc:2:    grunt_orc_community_town_hall, grunt_orc_community_big_house_2,
          grunt_orc_community_big_house_2, grunt_orc_community_house_2,
          grunt_orc_community_house_3, grunt_orc_community_house_2,
          grunt_orc_community_house_1, basic_altar, gammafunk_ghost_necromancy,
          bloody_trog
Elf:1:    eino_elf_arrival_customs, portal_ice_cave_entry_ugly_swarm,
          serial_shops, shop, hangedman_elf_represent, hangedman_elf_disciples,
          minmay_shop_grove, uniq_frances
Sewer:    sewer_co_scattered_pipes
Bailey:   bailey_axe_3, bailey

Skill      XL: |  1  2  3  4  5  6  7  8  9 10 11 12 13 |
---------------+----------------------------------------+-----
Armour         | 2 3 4 5 6 7 8 9 10 | 10.2
Dodging        | 2 3 4 5 6 7 9 10 | 10.3
Fighting       | 4 5 6 7 8 10 11 | 11.3
Long Blades    | 5 7 8 10 12 | 12.5

Action                   |  1- 3 |  4- 6 |  7- 9 | 10-12 | 13-15 || total
-------------------------+-------+-------+-------+-------+-------++-------
Melee: Falchion          |   109 |   147 |   486 |       |       ||   742
       Headbutt          |       |    35 |   131 |   154 |    24 ||   344
       Scimitar          |       |       |     5 |   467 |    72 ||   544
Throw: Tomahawk          |       |       |    19 |       |       ||    19
Invok: Berserk           |     1 |     6 |     8 |    10 |     3 ||    28
       Trog's Hand       |       |       |     1 |     1 |     2 ||     4
Evoke: Wand              |       |       |       |     4 |       ||     4
  Use: Scroll            |       |       |    13 |     9 |     1 ||    23
       Potion            |       |       |     5 |     1 |       ||     6
 Stab: Sleeping          |     1 |     4 |     6 |    11 |       ||    22
       Distracted        |       |       |     1 |       |       ||     1
  Eat: Chunk             |     3 |     9 |    21 |    27 |     4 ||    64
       Ration            |       |     1 |     1 |       |       ||     2
Armor: Animal skin       |    31 |    26 |    66 |       |       ||   123
       Leather armour    |       |       |    62 |   126 |    19 ||   207
Dodge: Dodged            |    94 |   114 |   439 |   415 |    33 ||  1095
       Rpst.: Falchion   |    23 |    46 |   105 |       |       ||   174
       Scimitar          |       |       |     2 |   108 |    10 ||   120

Table legend:
 A = Non-vault XP
 B = Vault XP
 C = Vault XP percentage of total XP
 D = Non-vault monster count
 E = Vault monster count
 F = Vault count percentage of total count
                 A         B        C        D         E       F
            +---------+---------+-------+---------+---------+-------
      Total |   26640 |   21777 |  45.0 |     358 |     165 |  31.5
            +---------+---------+-------+---------+---------+-------
        D:1 |      60 |       0 |   0.0 |      29 |       0 |   0.0
        D:2 |      55 |       0 |   0.0 |      18 |       0 |   0.0
        D:3 |     128 |       0 |   0.0 |      24 |       0 |   0.0
        D:4 |     588 |     150 |  20.3 |      22 |       4 |  15.4
        D:5 |     459 |       0 |   0.0 |      17 |       0 |   0.0
        D:6 |     863 |       4 |   0.5 |      32 |       3 |   8.6
        D:7 |    1496 |     224 |  13.0 |      22 |       1 |   4.3
        D:8 |    1113 |      11 |   1.0 |      19 |       6 |  24.0
        D:9 |    1941 |    4100 |  67.9 |      20 |      20 |  50.0
       D:10 |     989 |       0 |   0.0 |      20 |       0 |   0.0
       D:11 |    3794 |       0 |   0.0 |      41 |       0 |   0.0
       D:12 |    3748 |     507 |  11.9 |      31 |       9 |  22.5
       D:13 |    2575 |       0 |   0.0 |      10 |       0 |   0.0
      Orc:1 |     984 |       0 |   0.0 |      16 |       0 |   0.0
      Orc:2 |    4794 |   10747 |  69.2 |      33 |      75 |  69.4
      Elf:1 |    3053 |    5553 |  64.5 |       4 |      10 |  71.4
      Sewer |       0 |      57 | 100.0 |       0 |      22 | 100.0
     Bailey |       0 |     424 | 100.0 |       0 |      15 | 100.0
            +---------+---------+-------+---------+---------+-------
